 Dungeon Sprint DCSS version 0.18-a0-1702-gd20c6a5 (webtiles) character file.

4909 Arkorax the Ninja (level 10, -4/56 HPs)
             Began as a Spriggan Assassin on Apr 6, 2016.
             Was an Elder of Dithmenos.
             Killed by an exploding giant spore (30 damage)
             ... in the Dungeon (Sprint I: "Red Sonja").
             The game lasted 00:02:40 (983 turns).

Arkorax the Ninja (Spriggan Assassin)                Turns: 983, Time: 00:02:42

Health: -4/56      AC:  4    Str:  7    XL:     10   Next: 27%
Magic:  11/11      EV: 32    Int: 13    God:    Dithmenos [****..]
Gold:   767        SH:  0    Dex: 21    Spells: 0 memorised, 9 levels left

rFire  . . .     SeeInvis +     a - +2 dagger
rCold  . . .     Gourm    .     c - +0 robe
rNeg   . . .     Faith    .     (shield restricted)
rPois  .         Spirit   .     o - +1 hat
rElec  .         Dismiss  .     d - +0 cloak
rCorr  .         Reflect  .     (gloves unavailable)
SustAt .         Harm     .     (boots unavailable)
MR     .....     NoTele   +     (no amulet)
Stlth  ++++++....               (no ring)
                                (no ring)

@: confused, vulnerable, wreathed by umbra, very quick, not resistant to hostile
enchantments, very stealthy
A: unfitting armour, see invisible, herbivore 3, speed 3, slow metabolism 2
a: Shadow Step, Renounce Religion


You were in the Dungeon.
You worshipped Dithmenos.
Dithmenos was greatly pleased with you.
You were not hungry.

You visited 1 branch You collected 877 gold pieces.
You spent 110 gold pieces at shops.

Inventory:

Hand Weapons
 a - a +2 dagger (weapon)
 b - a +0 blowgun
Missiles
 e - 8 poisoned needles
 f - 4 curare-tipped needles
Armour
 c - a +0 robe (worn)
 d - a +0 cloak (worn)
 o - a +1 hat (worn)
Scrolls
 m - a scroll of blinking
Potions
 h - a potion of curing
 i - a potion of heal wounds
 j - a potion of haste
 k - 2 potions of magic
 l - a potion of berserk rage
 n - a potion of cancellation {unknown}
 p - a potion of invisibility {unknown}
Comestibles
 g - a bread ration


   Skills:
 + Level 8.3 Fighting
 - Level 2.1 Short Blades
 - Level 2.0 Throwing
 + Level 13.4 Dodging
 O Level 27 Stealth


You had 9 spell levels left.
You didn't know any spells.

Dungeon Overview and Level Annotations

Branches:
Dungeon (1/1)

Altars:
Cheibriados
Dithmenos
Elyvilon
Fedhas
Gozag
Kikubaaqudgha
Makhleb
Nemelex Xobeh
Okawaru
Pakellas
Qazlal
Ru
Sif Muna
Trog
Vehumet
Xom
Yredelemnul
Zin
The Shining One
Jiyva

Shops:
D [[


Innate Abilities, Weirdness & Mutations

You are tiny and cannot use many weapons and most armour.
You have supernaturally acute eyesight.
You are a herbivore.
You cover ground extremely quickly.
You need consume almost no food.


Message History

There is an open door here.
You open the door. 2 giant spores come into view.
Found 102 gold pieces, 2 potions of curing, 17 stones and a scale mail.
Found 54 gold pieces.
There is an open door here.
There is an open door here.
The helpless giant spore fails to defend itself.
You stick the giant spore like a pincushion!!!!!
The giant spore explodes!
The explosion of spores engulfs you!
You are confused.
Ouch! That really hurt!
You emit a cloud of dark smoke.
The explosion of spores engulfs the giant spore.
The giant spore explodes!
The explosion of spores engulfs you!
You are more confused.
Ouch! That really hurt!
You die...

#..#_.___##'#..'§§≈§§§..#
#⌠⌠#_.∩...'..._#≈§≈§)#§§#
####_..._##_.#'##+#####§###
#_____###'#(#....###.'§#
##########.####'###(###§#
........'...'.....'.∩##§#
#++++####.).###########.#
##§###....§§§##.# #@#
#x....§.§+§#
#$§§§$#+++######.#
#$[$§$#JJ..§§.§#§#
#######JJn.§..#§.#
nn}......§≈####
nn......§≈§# .......≈≈≈##
##..≈≈≈≈### +######+


There were no monsters in sight!

Vanquished Creatures
  2 centaur warriors (D)
  Sonja (D)
  A deep troll (D)
  An unseen horror (D)
  An oklob plant (D)
  2 kobold demonologists (D)
  A slime creature (D)
  2 redbacks (D)
  Sigmund (D)
  A yak (D)
  A wasp (D)
  An ogre (D)
  4 jellies (D)
  Ijyb (D)
  2 giant eyeballs (D)
22 creatures vanquished.

Vanquished Creatures (others)
  A gargoyle (D)
  2 wasps (D)
3 creatures vanquished.

Grand Total: 25 creatures vanquished

Notes
Turn   | Place    | Note
--------------------------------------------------------------
     0 | D        | Arkorax the Spriggan Assassin began the quest for the Orb.
     0 | D        | Reached XP level 1. HP: 10/10 MP: 2/2
     1 | D        | Noticed Ijyb
    15 | D        | Killed Ijyb
    15 | D        | Reached skill level 10 in Stealth
    15 | D        | Reached XP level 2. HP: 6/14 MP: 3/3
   215 | D        | Noticed an ogre
   249 | D        | Killed an ogre
   249 | D        | Reached skill level 14 in Stealth
   249 | D        | Reached XP level 3. HP: 18/18 MP: 4/4
   249 | D        | Reached XP level 4. HP: 22/22 MP: 5/5
   273 | D        | Noticed Sigmund
   276 | D        | Killed Sigmund
   276 | D        | Reached skill level 18 in Stealth
   276 | D        | Reached XP level 5. HP: 25/25 MP: 6/6
   284 | D        | Found a snail-covered altar of Cheibriados.
   284 | D        | Found a shadowy altar of Dithmenos.
   284 | D        | Noticed a slime creature
   285 | D        | Found a viscous altar of Jiyva.
   285 | D        | Found a blossoming altar of Fedhas.
   287 | D        | Killed a slime creature
   287 | D        | Reached skill level 20 in Stealth
   287 | D        | Reached XP level 6. HP: 30/30 MP: 7/7
   289 | D        | Became a worshipper of Dithmenos the Shadowed
   296 | D        | Noticed a kobold demonologist
   297 | D        | Noticed a kobold demonologist
   301 | D        | Killed a kobold demonologist
   301 | D        | Reached skill level 22 in Stealth
   301 | D        | Reached XP level 7. HP: 33/33 MP: 8/8
   303 | D        | Killed a kobold demonologist
   303 | D        | Reached * piety under Dithmenos
   303 | D        | Reached skill level 23 in Stealth
   316 | D        | Noticed a demonic crawler
   316 | D        | Noticed a demonic crawler
   316 | D        | Noticed a demonic crawler
   316 | D        | Noticed a demonic crawler
   555 | D        | Found a deep blue altar of Sif Muna.
   557 | D        | Found a radiant altar of Vehumet.
   577 | D        | Found Eliwkew's Armour Emporium.
   577 | D        | Found a white marble altar of Elyvilon.
   577 | D        | Found a stormy altar of Qazlal.
   577 | D        | Found a basalt altar of Yredelemnul.
   577 | D        | Found an iron altar of Okawaru.
   577 | D        | Found a sparkling altar of Nemelex Xobeh.
   577 | D        | Found a shimmering altar of Xom.
   577 | D        | Found an ancient bone altar of Kikubaaqudgha.
   577 | D        | Noticed a yak
   578 | D        | Found a burning altar of Makhleb.
   578 | D        | Found a sacrificial altar of Ru.
   578 | D        | Found an oddly glowing altar of Pakellas.
   578 | D        | Found a glowing golden altar of the Shining One.
   578 | D        | Found an opulent altar of Gozag.
   578 | D        | Found a glowing silver altar of Zin.
   579 | D        | Killed a yak
   579 | D        | Reached skill level 24 in Stealth
   579 | D        | Reached XP level 8. HP: 37/37 MP: 9/9
   580 | D        | Found a bloodstained altar of Trog.
   595 | D        | Noticed a centaur warrior
   595 | D        | Noticed a centaur warrior
   598 | D        | Killed a centaur warrior
   598 | D        | Reached ** piety under Dithmenos
   598 | D        | Reached skill level 26 in Stealth
   599 | D        | Killed a centaur warrior
   599 | D        | Reached skill level 27 in Stealth
   599 | D        | Reached skill level 5 in Dodging
   599 | D        | Reached XP level 9. HP: 44/44 MP: 10/10
   617 | D        | Noticed an oklob plant
   619 | D        | Killed an oklob plant
   619 | D        | Reached skill level 5 in Fighting
   629 | D        | Reached *** piety under Dithmenos
   647 | D        | Noticed an unseen horror
   647 | D        | Noticed an unseen horror
   672 | D        | Killed an unseen horror
   672 | D        | Reached skill level 10 in Dodging
   750 | D        | Killed a gargoyle
   898 | D        | Noticed Sonja
   902 | D        | Killed Sonja
   902 | D        | Reached **** piety under Dithmenos
   902 | D        | Reached XP level 10. HP: 56/56 MP: 11/11
   914 | D        | Noticed a deep troll
   918 | D        | Killed a deep troll
   928 | D        | Found Tyketz's Armour Emporium.
   934 | D        | Bought a +1 hat for 110 gold pieces
   983 | D        | Killed by an exploding giant spore

Vault maps used:
D:        dungeon_sprint_1

Skill      XL: |  1  2  3  4  5  6  7  8  9 10 |
---------------+-------------------------------+-----
Stealth        | 10 14 18 20 22 24 27 | 27.0
Fighting       | 3 7 8 |  8.3
Dodging        | 5 12 13 | 13.4
Short Blades   | |  2.1
Throwing       | |  2.0

Action                   |  1- 3 |  4- 6 |  7- 9 | 10-12 || total
-------------------------+-------+-------+-------+-------++-------
Melee: Dagger            |    14 |     4 |    17 |     2 ||    37
 Fire: Blowgun           |     6 |       |     3 |       ||     9
  Use: Scroll            |       |       |       |     1 ||     1
 Stab: Sleeping          |       |     4 |    14 |     2 ||    20
